 Dungeon Crawl Stone Soup version 0.25.0-11-g1f837a76a1 (console) character file.

Game seed: 5243491051261466481

56745 bli the Thaumaturge (level 14, -15/122 HPs)
             Began as a Yellow Draconian Ice Elementalist on June 25, 2020.
             Was an Elder of Hepliaklqana.
             Demolished by Yggoba's ghost (23 damage)
             ... on level 6 of the Lair of Beasts on June 26, 2020.
             The game lasted 01:59:48 (22250 turns).

bli the Thaumaturge (DrIE)                         Turns: 22250, Time: 01:59:49

Health: -15/122    AC: 11    Str: 18    XL:     14   Next: 43%
Magic:  28/29      EV: 15    Int: 19    God:    Hepliaklqana [****..]
Gold:   1271       SH: 17    Dex: 18    Spells: 15/35 levels left

rFire    x . .     SeeInvis .   a - +4 scimitar (flame)
rCold    + . .     Gourm    .   J - +2 tower shield
rNeg     . . .     Faith    .   (armour unavailable)
rPois    .         Spirit   .   X - +2 hat {Int+3}
rElec    .         Reflect  .   (no cloak)
rCorr    +         Harm     .   (no gloves)
MR       +....                  p - +0 pair of boots {Fly}
Stlth    +++.......             A - amulet of Hepliaklqana's Favour {Regen+ Dex+3}
HPRegen  0.70/turn              M - +6 ring of strength
MPRegen  0.21/turn              L - ring of ice

@: short of breath, frozen ramparts, flying
A: spit acid, unfitting armour, reduced essence, horns 1, robust 1, acidic bite,
cold-blooded, subdued magic 1, acid resistance, AC +8
a: Breathe Acid, Recall Ancestor, Ancestor Identity, Transference, Idealise,
Renounce Religion, Stop Flying


You were on level 6 of the Lair of Beasts.
You worshipped Hepliaklqana.
Hepliaklqana was greatly pleased with you.
You were not hungry.

You visited 3 branches of the dungeon, and saw 16 of its levels.
You also visited: Gauntlet.

You collected 1271 gold pieces.

Inventory:

Hand Weapons
 a - a +4 scimitar of flaming (weapon)
 b - the +0 dagger of Grace {freeze, rN+ Dex+4}
   (You found it on level 4 of the Dungeon)

   It has been specially enchanted to freeze those struck by it, causing extra
   injury to most foes and up to half again as much damage against particularly
   susceptible opponents.
   It can also slow down cold-blooded creatures.
   It affects your dexterity (+4).
   It protects you from negative energy.
 B - the +8 mace of Corporal Punishment {drain, rPois rC+ Dex+4}
   (You found it on level 6 of the Dungeon)

   A truly terrible weapon, it drains the life of those it strikes.
   It affects your dexterity (+4).
   It protects you from cold.
   It protects you from poison.
 T - a +3 falchion of distortion
Missiles
 u - 8 silver javelins
 R - 17 boomerangs of dispersal
 Z - 20 curare-tipped darts (quivered)
Armour
 p - a +0 pair of boots of flying (worn)
 q - a +0 buckler
 J - a +2 tower shield (worn)
 X - a +2 hat of intelligence (worn)
Jewellery
 c - an uncursed ring of magical power
 g - the ring "Pitiveag" {Fire MR- Dex+4 Stlth+}
   (You found it in a Gauntlet)

   [ring of fire]

   It enhances your fire magic.
   It affects your dexterity (+4).
   It protects you from fire.
   It makes you vulnerable to cold.
   It affects your resistance to hostile enchantments.
   It makes you more stealthy.
 t - the amulet "Faboxo" {Faith Slay+2}
   (You found it in a Gauntlet)

   [amulet of faith]

   It allows you to gain divine favour quickly.
   It affects your accuracy and damage with ranged weapons and melee attacks
   (+2).
 w - an uncursed ring of protection from fire
 y - a +6 ring of strength
 A - the amulet of Hepliaklqana's Favour (around neck) {Regen+ Dex+3}
   (You found it in a Gauntlet)

   [amulet of regeneration]

   It affects your dexterity (+3).
   It increases your rate of regeneration.
 D - an uncursed amulet of the acrobat
 K - an uncursed amulet of reflection
 L - a ring of ice (right hand)
 M - a +6 ring of strength (left hand)
Wands
 k - a wand of disintegration (2)
 l - a wand of acid (20)
 r - a wand of digging (3)
 s - a wand of flame (53)
 x - a wand of iceblast (23)
 N - a wand of enslavement (13)
Scrolls
 d - 6 scrolls of teleportation {unknown}
 e - 2 scrolls of magic mapping {unknown}
 i - 7 scrolls of remove curse
 n - 3 scrolls of blinking {unknown}
 E - 2 scrolls of fear {unknown}
 H - a scroll of silence
 I - 3 scrolls of immolation {unknown}
 O - 2 scrolls of fog
 P - 3 scrolls of torment {unknown}
 S - 2 scrolls of summoning
 W - a scroll of enchant weapon
Potions
 f - 2 potions of flight {unknown}
 h - a potion of mutation
 j - a potion of heal wounds
 m - 3 potions of magic {unknown}
 o - 2 potions of brilliance {unknown}
 v - a potion of resistance
 z - 6 potions of might
 C - a potion of curing
 F - a potion of haste
 G - a potion of berserk rage {unknown}
 Q - 4 potions of cancellation
 U - 3 potions of stabbing
Comestibles
 V - 26 rations
 Y - 5 chunks of flesh


   Skills:
 + Level 10.6 Fighting
 + Level 4.5(7.8) Short Blades
 + Level 9.8(10.3) Long Blades
 + Level 9.1 Dodging
 + Level 5.7 Stealth
 * Level 5.7 Shields
 + Level 2.3 Unarmed Combat
 + Level 11.4 Spellcasting
 + Level 4.5 Conjurations
 + Level 0.5 Hexes
 + Level 2.4 Charms
 + Level 10.2 Ice Magic
 + Level 2.0 Evocations


You had 15 spell levels left.
You knew the following spells:

 Your Spells              Type           Power        Failure   Level  Hunger
a - Freeze                Ice            ####         1%          1    None
b - Frozen Ramparts       Ice            ######       2%          3    None
c - Hailstorm             Conj/Ice       #####...     32%         4    ##.....
e - Metabolic Englaciati  Hex/Ice        #####.....   92%         5    ####...
B - Summon Ice Beast      Ice/Summ       ####....     63%         4    ##.....
O - Ozocubu's Armour      Chrm/Ice       #####...     14%         3    None

Your spell library contained the following spells:

 Spells                   Type           Power        Failure   Level  Hunger
 Infusion                 Chrm           ###.         24%         1    None
 Song of Slaying          Chrm           ###.....     36%         2    None
 Shroud of Golubria       Chrm/Tloc      ##....       52%         2    None
 Summon Butterflies       Summ           #.......     56%         1    None
 Corpse Rot               Necr/Air       N/A          71%         2    None
 Sublimation of Blood     Necr           #.........   71%         2    None
 Spectral Weapon          Hex/Chrm       ##......     73%         3    None
 Confusing Touch          Hex            #.......     86%         3    None
 Call Canine Familiar     Summ           #.......     91%         3    None
 Gell's Gravitas          Tloc           #.........   91%         3    None
 Dispel Undead            Necr           #.......     100%        4    ##.....
 Petrify                  Tmut/Erth      #.......     100%        4    ##.....
 Agony                    Necr           #.......     100%        5    ####...
 Excruciating Wounds      Chrm/Necr      ##........   100%        5    ####...
 Summon Mana Viper        Hex/Summ       #.......     100%        5    ####...
 Yara's Violent Unravell  Hex/Tmut       #.........   100%        5    ####...
 Summon Hydra             Summ           #.........   100%        7    #######


Dungeon Overview and Level Annotations

Branches:
Dungeon (9/15)             Temple (1/1) D:5            Lair (6/6) D:9
 Shoals (0/4) Lair:3        Snake (0/4) Lair:2        Slime (0/5) Lair:5
Gauntlet (visited)
    Orc: D:9-12

Altars:
Ashenzari
Cheibriados
Dithmenos
Elyvilon
Fedhas
Gozag
Hepliaklqana
Kikubaaqudgha
Makhleb
Nemelex Xobeh
Okawaru
Qazlal
Ru
Sif Muna
Trog
Uskayaw
Vehumet
Wu Jian
Xom
Yredelemnul
Zin
The Shining One
Beogh
Jiyva

Shops:
D:8 %

Annotations:
D:7 exclusion: ice statue
Lair:6 Yggoba's ghost, journeyman DsGl


Innate Abilities, Weirdness & Mutations

You can spit globs of acid.
Your golden yellow scales are hard. (AC +8)
You cannot fit into any form of body armour.
You have acidic saliva.
You are cold-blooded and may be slowed by cold attacks.
You are resistant to acid. (rCorr)
Your life essence is reduced to manifest your ancestor. (-10% HP)
You have a pair of small horns on your head.
You are robust. (+10% HP)
Your spells are a little easier to cast, but a little less powerful.


Message History

The wall freezes Yggoba's ghost.
Yggoba's ghost hits you!!
* * * LOW HITPOINT WARNING * * *
x2
Press: ? - help, v - describe, . - travel
Here: Yggoba's ghost, wielding a vorpal weapon (heavily damaged)
An open translucent door.
You feel much better.
Publius misses Yggoba's ghost.
The wall freezes Yggoba's ghost.
Yggoba's ghost barely misses you.
Press: ? - help, Shift-Dir - straight line, f - Yggoba's ghost
Aim: Yggoba's ghost, wielding a vorpal weapon (heavily damaged) Really spit at near your ally Publius?
You spit a glob of acid.
The glob of acid misses Yggoba's ghost.
You feel somewhat more hungry.
Publius hits Yggoba's ghost with a +0 flail!
The wall freezes Yggoba's ghost!
Yggoba's ghost hits you!!
* * * LOW HITPOINT WARNING * * *
x2 Evoke which item? (* to show all) (? for menu, Esc to quit)
Aiming: Corrosive Bolt
Press: ? - help, Shift-Dir - straight line, f/p - Yggoba's ghost
Aim: Yggoba's ghost, wielding a vorpal weapon (severely damaged)
The bolt of acid misses Yggoba's ghost.
The wall freezes Yggoba's ghost!
Yggoba's ghost hits you!!
You die...

.................................
.[..........###..................
..##.......####..#.........#.#...
##.........P.##..................
###..............................
..............................#..
.................................
%..................#............#
..................#........P....#
...............P.................
...............R@.........#.....#
..............##W###......##....P
..............#(($##.....##......
..............#P8P##...#.........
..............#####†.............
.P......................(........
###.............................#
#....................#..#......
...................###.....
.......<............#...... ###
.....................#.....#


You could see the friendly Publius the knight and Yggoba's ghost.

Vanquished Creatures
  Gastronok (D:8)
  A minotaur (Gauntlet)
  6 hydras
  3 catoblepae (Lair:6)
  Erica (D:8)
  9 death yaks
  Sonja (Lair:1)
  A wretched star (Gauntlet)
  Pikel (D:4)
  2 manticores (Lair:6)
  4 oklob plants (Lair:4)
  A centaur zombie (D:9)
  Joseph (D:8)
  A torpor snail (Lair:4)
  12 spiny frogs
  2 black mambas (Lair:6)
  A rime drake (Lair:3)
  Maggie (Lair:1)
  6 komodo dragons
  2 polar bears
  8 blink frogs
  9 hippogriffs
  2 wyverns
  22 yaks
  A basilisk (Lair:1)
  A hungry ghost (D:8)
  4 nagas (Lair:2)
  2 soldier ants (D:8)
  3 wargs (D:9)
  7 water moccasins
  3 orc warriors
  5 porcupines
  A phantom (D:9)
  A sky beast (D:5)
  2 necrophages (D:5)
  An ice beast (D:9)
  7 ogres
  13 wolves
  2 centaurs
  11 crocodiles
  A small abomination (Gauntlet)
  2 big kobolds (D:6)
  10 bullfrogs
  5 scorpions
  5 killer bees (D:7)
  4 wights
  5 howler monkeys
  A crimson imp (D:7)
  A hound (D:7)
  A centaur skeleton (D:5)
  8 orc priests
  2 jellies
  7 orc wizards
  2 iguanas
  A bullfrog skeleton (D:7)
  8 worker ants
  A killer bee zombie (D:8)
  2 worker ant zombies
  11 adders
  A shadow imp (D:6)
  3 ufetubi (Gauntlet)
  2 oozes (D:1)
  4 adder skeletons
  An adder zombie (D:7)
  6 worms
  2 dart slugs (D:1)
  3 leopard geckos
  45 orcs
  7 giant cockroaches
  11 hobgoblins
  28 jackals
  11 kobolds
  A quokka (D:8)
  13 bats
  5 frilled lizards
  10 goblins
  8 rats
  A demonic plant (Gauntlet)
  2 fungi
  A plant (Lair:4)
404 creatures vanquished.

Vanquished Creatures (collateral kills)
  2 death yaks (Lair:4)
  A sixfirhy (Gauntlet)
  A manticore (Lair:3)
  2 spiny frogs
  An eye of devastation (Gauntlet)
  A komodo dragon (Lair:4)
  2 blink frogs (Lair:4)
  A hippogriff (Lair:6)
  2 yaks (Lair:6)
  A golden eye (Gauntlet)
  2 porcupines (Lair:4)
  An ice beast (D:8)
  An ogre (D:9)
  A phantom (D:6)
  3 wolves
  A centaur (D:6)
  5 crocodiles
  2 bullfrogs
  A killer bee (D:7)
  A wight (D:5)
  A centaur zombie (D:6)
  An orc priest (D:8)
  A jelly (D:8)
  A bullfrog skeleton (D:6)
  An iguana (D:7)
  A killer bee zombie (D:8)
  A hound skeleton (D:6)
  2 adders
  3 orcs (D:8)
  3 jackals
  A leopard gecko zombie (D:6)
48 creatures vanquished.

Vanquished Creatures (others)
  A slave (D:5)
  4 ancestors
  6 knights
  8 fungi (Lair:3)
  6 plants
25 creatures vanquished.

Grand Total: 477 creatures vanquished

Notes
Turn   | Place    | Note
-------+----------+-------------------------------------------
     0 | D:1      | bli the Draconian Ice Elementalist began the quest for the
                  | Orb.
     0 | D:1      | Reached XP level 1. HP: 14/14 MP: 3/3
    35 | D:1      | Found a shattered altar of Ashenzari.
   214 | D:1      | Reached XP level 2. HP: 20/20 MP: 1/5
   637 | D:1      | Reached XP level 3. HP: 13/27 MP: 0/6
  1139 | D:1      | Reached skill level 1 in Fighting
  1596 | D:2      | Reached skill level 3 in Spellcasting
  1689 | D:2      | Learned a level 3 spell: Frozen Ramparts
  1829 | D:2      | Reached XP level 4. HP: 22/35 MP: 5/8
  2633 | D:3      | Reached skill level 1 in Unarmed Combat
  2664 | D:3      | Reached XP level 5. HP: 40/41 MP: 6/10
  2765 | D:3      | Found a blossoming altar of Fedhas.
  2964 | D:3      | Reached skill level 5 in Ice Magic
  3842 | D:4      | Reached skill level 4 in Spellcasting
  3842 | D:4      | Reached XP level 6. HP: 45/49 MP: 7/12
  4359 | D:4      | Your scales start taking on a golden yellow colour.
  4359 | D:4      | Reached XP level 7. HP: 16/57 MP: 9/14
  4359 | D:4      | Gained mutation: You are resistant to acid. (rCorr) [Yellow
                  | Draconian growth]
  4376 | D:4      | Learned a level 4 spell: Summon Ice Beast
  4848 | D:4      | Reached skill level 5 in Spellcasting
  4866 | D:4      | Got a twisted dagger
  4888 | D:4      | Identified the cursed +0 dagger of Grace {freeze, rN+
                  | Dex+4} (You found it on level 4 of the Dungeon)
  5187 | D:5      | Entered Level 5 of the Dungeon
  5568 | D:5      | Reached skill level 6 in Spellcasting
  5570 | D:5      | Reached XP level 8. HP: 48/66 MP: 10/17
  5659 | D:5      | Found an opulent altar of Gozag.
  5716 | D:5      | Noticed Pikel
  5726 | D:4      | Killed Pikel
  5746 | D:5      | Reached skill level 7 in Spellcasting
  5750 | D:5      | Found a staircase to the Ecumenical Temple.
  5780 | Temple   | Entered the Ecumenical Temple
  5965 | Temple   | Became a worshipper of Hepliaklqana the Forgotten
  6177 | D:5      | Reached skill level 1 in Short Blades
  6957 | D:6      | Got a pitted mace
  7123 | D:6      | Found a stormy altar of Qazlal.
  7203 | D:6      | Reached * piety under Hepliaklqana
  7230 | D:6      | Reached XP level 9. HP: 36/63 MP: 17/20
  7673 | D:6      | Reached skill level 5 in Fighting
  7736 | D:5      | HP: 3/64 [necrophage (4)]
  8844 | D:7      | Learned a level 3 spell: Ozocubu's Armour
  8846 | D:7      | Noticed an ice statue
  8858 | D:7      | HP: 3/64 [ice statue/shard of ice (14)]
  9475 | D:7      | Reached skill level 1 in Evocations
  9497 | D:7      | Learned a level 4 spell: Hailstorm
 10260 | D:8      | Reached ** piety under Hepliaklqana
 10261 | D:8      | Remembered your ancestor Publius as a knight
 10285 | D:8      | Found Xor Zirph's Food Boutique.
 10285 | D:8      | Noticed Erica
 10301 | D:8      | HP: 1/70 [acid (3)]
 10302 | D:8      | Killed Erica
 10302 | D:8      | Reached XP level 10. HP: 2/77 MP: 16/21
 10318 | D:8      | Identified the +8 mace of Corporal Punishment {drain, rPois
                  | rC+ Dex+4} (You found it on level 6 of the Dungeon)
 10701 | D:8      | Reached skill level 5 in Dodging
 10855 | D:8      | Noticed Joseph
 10864 | D:8      | Killed Joseph
 10864 | D:8      | Reached skill level 1 in Shields
 10864 | D:8      | Reached skill level 8 in Spellcasting
 10996 | D:8      | Noticed Gastronok
 11009 | D:8      | Killed Gastronok
 11813 | D:8      | Found a roughly hewn altar of Beogh.
 11818 | D:8      | Reached skill level 1 in Charms
 12520 | D:9      | Found a staircase to the Lair.
 12536 | D:9      | Reached XP level 11. HP: 41/82 MP: 20/23
 12870 | Lair:1   | Entered Level 1 of the Lair of Beasts
 13179 | Lair:1   | Noticed Sonja
 13187 | Lair:1   | Killed Sonja
 13187 | Lair:1   | Reached skill level 5 in Long Blades
 13490 | Lair:1   | Reached *** piety under Hepliaklqana
 13697 | Lair:1   | Noticed Maggie
 13714 | Lair:1   | Killed Maggie
 13826 | Lair:1   | Reached skill level 9 in Spellcasting
 14506 | Lair:2   | Noticed an eight-headed hydra
 14516 | Lair:2   | Killed a five-headed hydra
 14516 | Lair:2   | Reached skill level 5 in Stealth
 14527 | Lair:2   | Reached skill level 10 in Spellcasting
 14527 | Lair:2   | Reached XP level 12. HP: 64/91 MP: 23/26
 14865 | Lair:2   | Reached **** piety under Hepliaklqana
 15093 | Lair:2   | Found a staircase to the Snake Pit.
 15106 | Lair:2   | You are sucked into a shaft and drop 1 floor!
 15389 | Lair:3   | Reached XP level 13. HP: 18/97 MP: 24/27
 15987 | Lair:2   | Learned a level 5 spell: Metabolic Englaciation
 16956 | Lair:3   | Found a staircase to the Shoals.
 18071 | Lair:4   | Reached ***** piety under Hepliaklqana
 18291 | Lair:4   | HP: 1/100 [acid (5)]
 19309 | Lair:4   | Reached skill level 11 in Spellcasting
 19913 | Lair:5   | Found a staircase to the Slime Pits.
 19914 | Lair:5   | Found a viscous altar of Jiyva.
 20028 | Lair:5   | Found a gate leading to a gauntlet.
 20054 | Gauntlet | Entered a Gauntlet
 20054 | Gauntlet | Found a transporter.
 20061 | Gauntlet | Found a transporter.
 20063 | Gauntlet | Found a transporter.
 20072 | Gauntlet | Found a transporter.
 20074 | Gauntlet | Found a transporter.
 20086 | Gauntlet | Found a transporter.
 20104 | Gauntlet | Found a transporter.
 20114 | Gauntlet | Found a transporter.
 20123 | Gauntlet | Found a runed translucent gate.
 20124 | Gauntlet | Found a transporter.
 20126 | Gauntlet | Found a runed translucent gate.
 20126 | Gauntlet | Found a runed translucent gate.
 20127 | Gauntlet | Noticed a green death
 20144 | Gauntlet | Found a transporter.
 20159 | Gauntlet | Found a transporter.
 20160 | Gauntlet | Found a transporter.
 20206 | Gauntlet | Found a transporter.
 20220 | Gauntlet | Found a transporter.
 20336 | Gauntlet | Got a brightly glowing lapis lazuli ring
 20345 | Gauntlet | Identified the ring "Pitiveag" {Fire MR- Dex+4 Stlth+} (You
                  | found it in a Gauntlet)
 20414 | Gauntlet | Got a twitching bronze amulet
 20426 | Gauntlet | Identified the amulet "Faboxo" {Faith Slay+2} (You found it
                  | in a Gauntlet)
 20667 | Gauntlet | Got a heavily runed lead amulet
 20675 | Gauntlet | Identified the amulet of Hepliaklqana's Favour {Regen+
                  | Dex+3} (You found it in a Gauntlet)
 20820 | Gauntlet | Noticed a minotaur
 20831 | Gauntlet | HP: 4/101 [minotaur/+5 short sword of freezing (3)]
 20833 | Gauntlet | Killed a minotaur
 20833 | Gauntlet | Reached skill level 10 in Fighting
 21267 | Lair:6   | Entered Level 6 of the Lair of Beasts
 21315 | Lair:6   | Gained mutation: You have a pair of small antennae on your
                  | head. [potion of mutation]
 21315 | Lair:6   | Gained mutation: You do not regenerate when monsters are
                  | visible. [potion of mutation]
 21315 | Lair:6   | Gained mutation: You have large cloven feet. [potion of
                  | mutation]
 21316 | Lair:6   | Lost mutation: You do not regenerate when monsters are
                  | visible. [potion of mutation]
 21316 | Lair:6   | Lost mutation: You have a pair of small antennae on your
                  | head. [potion of mutation]
 21316 | Lair:6   | Lost mutation: You have large cloven feet. [potion of
                  | mutation]
 21316 | Lair:6   | Gained mutation: Your spells are a little easier to cast,
                  | but a little less powerful. [potion of mutation]
 21316 | Lair:6   | Gained mutation: You have a pair of small horns on your
                  | head. [potion of mutation]
 21316 | Lair:6   | Gained mutation: You are robust. (+10% HP) [potion of
                  | mutation]
 21428 | Lair:6   | Gained mutation: You have acidic saliva. [Yellow Draconian
                  | growth]
 21428 | Lair:6   | Reached XP level 14. HP: 121/121 MP: 29/29
 21494 | Lair:6   | Reached skill level 10 in Ice Magic
 21675 | Lair:6   | Reached skill level 5 in Shields
 22179 | Lair:6   | Found a runed translucent door.
 22197 | Lair:6   | Noticed Yggoba's ghost (journeyman DsGl)
 22250 | Lair:6   | Demolished by Yggoba's ghost

Illustrated notes

Levels and vault maps discovered:
D:1:      psy_arrival_fountain, layout_loops_ring, evilmike_ruin_ashenzari
D:2:      layout_rooms, minmay_misc_feat_enclosed
D:3:      layout_rooms, old_standard_altar, st_stairs_5,
          minmay_fractal_squares_5
D:4:      layout_basic, first_ration, kennysheep_path_1
D:5:      layout_layer_cave, minmay_temple_entry_drinking_statues, basic_altar,
          uniq_pikel
D:6:      layout_basic, basic_altar, minmay_unpleasant_kobolds
D:7:      lemuel_ice_statue, layout_loops_cross
D:8:      layout_loops_ring, serial_shops, shop, special_room
          [special_room_orc], hangedman_pestilent_swarm, uniq_erica,
          uniq_gastronok, uniq_joseph
D:9:      layout_irregular_city, erik_lair_orcish_takeover
Temple:   kilobyte_greek_temple
Lair:1:   layout_hall_layers, uniq_maggie, uniq_sonja
Lair:2:   layout_chaotic_city, minmay_snake_entry_guardpost_small,
          chequers_serial_rivers_micro_d
Lair:3:   layout_loops_ring, minmay_shoals_entry_beasts, beast_lair_carwin_9,
          lemuel_fruit_tree, grunt_megastairs_2, serial_bayou_shore_b
Lair:4:   layout_roguey, grunt_megastairs_1, minmay_lair_oklob_chamber,
          serial_bayou_shore_b
Lair:5:   layout_regular_city, slime_altar_1, gauntlet_entry_generic,
          chequers_serial_rivers_room_a
Lair:6:   evilmike_catoblepas_cave, layout_gridlike, gammafunk_ghost_grave

Skill      XL: |  1  2  3  4  5  6  7  8  9 10 11 12 13 14 |
---------------+-------------------------------------------+-----
Fighting       | 1 2 3 4 7 8 10 | 10.6
Spellcasting   | 3 4 6 7 8 10 11 | 11.4
Dodging        | 2 3 4 5 7 9 |  9.1
Unarmed Combat | 1 2 |  2.3
Ice Magic      | 5 6 7 8 9 10 | 10.2
Stealth        | 2 4 5 |  5.7
Short Blades   | 2 4 |  4.5
Evocations     | 1 2 |  2.0
Shields        | 3 4 5 |  5.7
Long Blades    | 3 6 9 |  9.8
Charms         | 1 2 |  2.4
Conjurations   | 4 |  4.5
Hexes          | |  0.5

Action                   |  1- 3 |  4- 6 |  7- 9 | 10-12 | 13-15 || total
-------------------------+-------+-------+-------+-------+-------++-------
Melee: Unarmed           |   102 |   147 |    17 |       |       ||   266
       Tailslap          |    13 |     9 |    56 |    33 |    67 ||   178
       Punch             |       |     2 |     3 |       |       ||     5
       Dagger            |       |       |   267 |       |       ||   267
       Scimitar          |       |       |       |   198 |   326 ||   524
       Headbutt          |       |       |       |       |    40 ||    40
       Bite              |       |       |       |       |    16 ||    16
Throw: Dart              |       |     9 |    16 |    22 |    29 ||    76
 Cast: Freeze            |    47 |    77 |    34 |    24 |    17 ||   199
       Frozen Ramparts   |       |     4 |    18 |    25 |    27 ||    74
       Ozocubu's Armour  |       |       |     1 |    20 |    14 ||    35
       Hailstorm         |       |       |       |       |     7 ||     7
       Metabolic Englaci |       |       |       |       |     6 ||     6
Invok: Recall Ancestor   |       |       |     1 |       |       ||     1
       Ancestor Life: Kn |       |       |     1 |       |       ||     1
 Abil: Breathe Acid      |       |       |     3 |     3 |     6 ||    12
Evoke: Wand              |       |       |     2 |     1 |    15 ||    18
  Use: Potion            |       |       |     2 |     2 |     5 ||     9
       Scroll            |       |       |       |    11 |     8 ||    19
 Stab: Sleeping          |     3 |     7 |     9 |     3 |     6 ||    28
       Distracted        |       |       |     3 |     2 |     4 ||     9
  Eat: Chunk             |     3 |     8 |    14 |    16 |    14 ||    55
       Ration            |       |     1 |     2 |       |     3 ||     6
Armor: Skin              |    28 |    73 |    72 |    44 |    62 ||   279
Dodge: Dodged            |    94 |   145 |   179 |   116 |   149 ||   683
Block: Other             |       |       |    12 |       |       ||    12
       Buckler           |       |       |       |    99 |    82 ||   181
       Reflection        |       |       |       |     6 |     4 ||    10
       Tower shield      |       |       |       |       |    93 ||    93
       Rpst.: Scimitar   |       |       |       |    36 |    34 ||    70
